Map: 포트 알렉산더 - 래더

Players

Classic - Winner!

  • Race: Protoss Protoss
  • League: Master
  • Spawn Location: 11:00

lllllllllll (sOs)

  • Race: Protoss Protoss
  • League: Master
  • Spawn Location: 5:00

Event: IEM Season 13 - Katowice Server Qualifiers Asia 1

VOD

Have the link to the VOD?

Description

Time

  • Played on: Jan. 14, 2019, 5:17 a.m.
  • Length: 5:20

All games in this series

Show
View Real Time Build Order
Export as new Build Order

Classic Protoss - Winner!

Build Orders: Phoenix Opening 

Get SALT Encoding   

  12  0:00  Probe  
  13  0:12  Probe  
  14  0:18  Pylon  
  14  0:24  Probe  
  15  0:32  Probe  
  15  0:39  Gateway  
  15  0:40  Probe  
  16  0:47  Assimilator  
  17  0:51  Probe  
  17  0:56  Assimilator  
  18  1:00  Probe  
  19  1:08  Probe  
  19  1:16  Gateway  
  19  1:17  Probe  
  21  1:26  Cybernetics Core  
  21  1:30  Probe  
  22  1:38  Pylon  
  22  1:42  Probe  
  23  1:56  Probe  
  24  2:03  Stalker x2  
  24  2:06  Warp Gate  
  28  2:15  Pylon  
  28  2:24  Stargate  
  28  2:33  Adept  
  30  2:37  Adept  
  32  3:08  Phoenix  
  29  3:27  Phoenix  
  29  3:30  Probe  
  29  3:33  Pylon  
  31  3:42  Probe  
  31  3:43  Phoenix  
  32  3:54  Probe  
  35  4:08  Oracle  
  36  4:17  Shield Battery  
  36  4:19  Pylon  
  36  4:24  Stalker  
  36  4:25  Stalker  
  40  4:33  Shield Battery  
  40  4:40  Shield Battery  
  40  4:48  Stalker  
  42  4:57  Stalker  
  41  5:16  Stalker  
Show
View Real Time Build Order
Export as new Build Order

lllllllllll Protoss 

Build Orders:  

Get SALT Encoding   

  12  0:01  Probe  
  13  0:13  Probe  
  14  0:18  Pylon  
  14  0:25  Probe  
  15  0:33  Probe  
  15  0:39  Gateway  
  15  0:41  Probe  
  16  0:49  Assimilator  
  17  0:51  Probe  
  17  0:56  Assimilator  
  18  0:59  Probe  
  19  1:08  Probe  
  19  1:09  Gateway  
  20  1:20  Probe  
  21  1:26  Cybernetics Core  
  21  1:32  Probe  
  22  1:35  Pylon  
  22  1:44  Probe  
  22  1:45  Warp Gate  
  23  1:56  Probe  
  24  2:02  Adept x2  
  28  2:12  Pylon  
  28  2:18  Pylon  
  28  2:29  Stalker  
  30  2:31  Stalker  
  32  2:51  Gateway  
  32  2:52  Robotics Facility  
  32  3:03  Stalker  
  32  3:23  Stalker  
  32  3:26  Probe  
  31  3:34  Pylon  
  31  3:38  Warp Prism  
  33  3:52  Stalker x2  
  37  3:59  Shield Battery  
  37  4:06  Stalker  
  39  4:21  Adept x2  
  39  4:23  Observer  
  44  4:24  Pylon  
  44  4:28  Twilight Council  
  44  4:31  Probe  
  42  4:39  Probe  
  42  4:48  Stalker  
  42  4:50  Stalker  
  46  4:53  Probe  
  47  5:05  Probe  

Tags
 
Add a new tag
Caveats
  • Supply blocks, unpowered buildings, or Contaminate may cause inaccurate times.
  • Supply counts are checked every 10 seconds.